 Dungeon Crawl Stone Soup version 0.31-a0-154-g56bf346678 (webtiles) character file.

Game seed: 9700201180396865561

3552 night the Firebug (level 10, 0/64 HPs)
             Began as a Gargoyle Fire Elementalist on June 7, 2023.
             Slain by a bullfrog (6 damage)
             ... on level 7 of the Dungeon on June 11, 2023.
             The game lasted 00:28:56 (9114 turns).

night the Firebug (Gargoyle Fire Elementalist)      Turns: 9114, Time: 00:28:57

Health: 0/64       AC: 11    Str: 11    XL:     10   Next: 9%
Magic:  14/20      EV: 12    Int: 24    God:
Gold:   537        SH:  5    Dex: 16    Spells: 12/22 levels left

rFire   + . .        O - +4 great sword
rCold   . . .        (shield currently unavailable)
rNeg    + . .        F - +2 robe "Kinaeq" {rF+ Int+3}
rPois   ∞            (no helmet)
rElec   +            z - scarf {repulsion}
rCorr   .            (no gloves)
SInv    .            (no boots)
Will    +....        o - amulet of reflection
Stlth   ++           d - +6 ring of dexterity
HPRegen 0.30/turn    t - ring of willpower
MPRegen 0.17/turn

%: repel missiles, reflection
@: no status effects
A: sickness immunity, AC +7, negative energy resistance 1, electricity
resistance, torment resistance 1, petrification resistance
a: no special abilities


You were on level 7 of the Dungeon.
You visited 2 branches of the dungeon, and saw 9 of its levels.
You also visited: Ossuary.

You collected 537 gold pieces.

Inventory:

Hand Weapons
 g - a +0 dagger
 h - a +0 short sword
 v - a +0 heavy flail
 E - a +2 trident of venom
 O - a +4 great sword (weapon)
 P - a +1 shortbow of flaming
Missiles
 c - a throwing net
 e - 38 stones
 s - 6 poisoned darts
 u - 4 boomerangs
 I - 6 curare-tipped darts
Armour
 a - a +0 robe
 z - a scarf of repulsion (worn)
 F - the +2 robe "Kinaeq" (worn) {rF+ Int+3}
   (You found it on level 4 of the Dungeon)

   Int:       It affects your intelligence (+3).
   rF:        It protects you from fire.
Jewellery
 d - a +6 ring of dexterity (left hand)
 o - an amulet of reflection (around neck)
 t - a ring of willpower (right hand)
 K - a ring of willpower
Wands
 w - a wand of charming (5)
 H - a wand of acid (15)
Scrolls
 i - 2 scrolls of enchant armour
 j - a scroll of fog
 m - a scroll of teleportation
 n - 3 scrolls of amnesia
 y - 2 scrolls of magic mapping
 G - 5 scrolls of silence
 M - a scroll of poison
 N - a scroll of summoning
Potions
 b - 4 potions of magic
 k - 2 potions of enlightenment {unknown}
 l - 2 potions of lignification {unknown}
 p - 2 potions of mutation {unknown}
 q - 4 potions of curing {unknown}
 r - 3 potions of might {unknown}
 x - a potion of berserk rage {unknown}
 A - a potion of ambrosia {unknown}
 B - a potion of brilliance {unknown}
 C - a potion of haste {unknown}
 D - a potion of attraction {unknown}
 J - a potion of invisibility {unknown}
 L - a potion of heal wounds {unknown}


   Skills:
 + Level 7.6 Fighting
 - Level 1.5 Dodging
 - Level 2.1 Stealth
 + Level 6.7 Spellcasting
 + Level 7.6 Conjurations
 + Level 7.7 Fire Magic


You had 12 spell levels left.
You knew the following spells:

 Your Spells              Type           Power      Damage    Failure   Level
a - Foxfire               Conj/Fire      100%       2x1d9     1%          1
b - Scorch                Fire           90%        2d9       1%          2
c - Volatile Blastmotes   Fire/Tloc      52%        2d14      4%          3
d - Flame Wave            Conj/Fire      45%        2d12      3%          4

Your spell library contained the following spells:

 Spells                   Type           Power      Damage    Failure   Level
 Inner Flame              Hex/Fire       26%        N/A       4%          3
 Stone Arrow              Conj/Erth      52%        3d10      4%          3
 Sandblast                Erth           16%        2d6       8%          1
 Ensorcelled Hibernation  Hex/Ice        16%        N/A       11%         2
 Passwall                 Tmut/Erth      6%         N/A       11%         2
 Spider Form              Tmut/Pois      8%         N/A       22%         3
 Anguish                  Hex/Necr       4%         N/A       58%         4


Dungeon Overview and Level Annotations

Branches:
Dungeon (8/15)             Temple (1/1) D:5         Ossuary (visited)
   Lair: D:8-11

Altars:
Ashenzari
Cheibriados
Dithmenos
Elyvilon
Fedhas
Gozag
Hepliaklqana
Makhleb
Nemelex Xobeh
Okawaru
Qazlal
Ru
Sif Muna
Trog
Uskayaw
Wu Jian
Xom
Yredelemnul
Zin
The Shining One

Annotations:
D:6 2 transporters, FlatIsJustice's ghost, novice DEEE
D:8 1 runed translucent door


Innate Abilities, Weirdness & Mutations

You are immune to sickness and miasma.
Your stone body is resilient. (AC +7)
You are immune to poison.
You resist negative energy. (rN+)
You are resistant to electric shocks. (rElec)
You are resistant to unholy torment.
You are immune to petrification.


Message History

Casting: Foxfire (safe; 1% risk of failure)
Confirm with . or Enter, or press ? or * to list all spells.
You conjure some foxfire!
The foxfire hits the orc warrior but does no damage.
The orc warrior is severely wounded.
The foxfire hits the orc warrior but does no damage.
The orc warrior is severely wounded.
The foxfire hits the orc warrior but does no damage.
The orc warrior is severely wounded.
Unknown command.
Casting: Foxfire (safe; 1% risk of failure)
Confirm with . or Enter, or press ? or * to list all spells.
You conjure some foxfire!
The foxfire hits the orc warrior but does no damage.
The orc warrior is severely wounded.
The orc warrior misses you.
The foxfire hits the orc warrior.
The orc warrior is almost dead.
Unknown command.
Casting: Foxfire (safe; 1% risk of failure)
Confirm with . or Enter, or press ? or * to list all spells.
You conjure some foxfire!
The foxfire hits the orc warrior but does no damage.
The orc warrior is almost dead.
The foxfire hits the orc warrior.
You kill the orc warrior!
Unknown command.
The foxfire hits the bullfrog.
The bullfrog is lightly wounded.
The foxfire hits the bullfrog.
The bullfrog is lightly wounded.
The bullfrog hits you.
* * * LOW HITPOINT WARNING * * *
The orc priest miscasts a cantrip.
You climb upwards.
Reactivating autopickup.
There is a stone staircase leading down here.
You slash the bullfrog!
The bullfrog is heavily wounded.
You block the bullfrog's attack. The bullfrog hits you.
You die...

##.....# #.#.#......# #.....##
#.#.##.#.#.#
##..)..###.#.##.#.#.#
#..[...##.#.##.#.#.#
###...)#....#.##.#.#.#
.##........[...#.#.#.###########
.##.........#.<................#
.##..................#########.#
.##........#####@F.....>.......#
###........# #........#########
#........# #........# #........#
#........# #........# #........#
########## ##.#######
################.#
.................#
##################


You could see a bullfrog.

Vanquished Creatures
  Grinder (D:3)
  Prince Ribbit (D:7)
  A steam dragon (D:6)
  3 ice beasts
  2 orc warriors
  A sky beast (D:6)
  A black bear (D:6)
  An ogre (D:5)
  A centaur (D:7)
  3 elf zombies (Ossuary)
  A phantom (D:5)
  A bullfrog (D:6)
  6 scorpions
  10 wights (D:7)
  A jelly (D:5)
  2 howler monkeys
  3 human zombies (Ossuary)
  5 orc priests
  A gnoll bouda (D:6)
  2 hounds (D:6)
  3 iguanas
  2 sleepcaps
  4 orc wizards
  A hound zombie (Ossuary)
  4 mummies (Ossuary)
  8 adders
  5 gnolls (D:6)
  3 white imps
  An ufetubus (D:5)
  An adder zombie (Ossuary)
  A worm (D:2)
  3 dart slugs
  32 orcs
  4 bats
  6 endoplasms
  2 giant cockroaches
  6 goblins
  5 hobgoblins
  3 jackals (D:2)
  3 quokkas
  6 ball pythons
  7 frilled lizards
  2 goblin zombies (Ossuary)
  2 hobgoblin zombies (Ossuary)
  6 kobolds
  8 rats
  3 rat zombies (D:6)
178 creatures vanquished.

Vanquished Creatures (others)
  A quokka (D:5)
  362 foxfires
363 creatures vanquished.

Grand Total: 541 creatures vanquished

Notes
Turn   | Place    | Note
-------+----------+-------------------------------------------
     0 | D:1      | night the Gargoyle Fire Elementalist began the quest for
                  | the Orb.
     0 | D:1      | Reached XP level 1. HP: 10/10 MP: 3/3
   143 | D:1      | Reached XP level 2. HP: 11/16 MP: 0/5
   175 | D:1      | Learned a level 2 spell: Scorch
   688 | D:1      | Reached skill level 1 in Fighting
   855 | D:1      | Reached XP level 3. HP: 20/20 MP: 4/6
  1441 | D:2      | Reached skill level 2 in Conjurations
  2033 | D:2      | Reached XP level 4. HP: 18/26 MP: 1/7
  2140 | D:2      | Learned a level 3 spell: Volatile Blastmotes
  2565 | D:3      | Found a faded altar of an unknown god.
  2570 | D:3      | Found a basalt altar of Yredelemnul.
  2599 | D:3      | Reached skill level 2 in Fighting
  2625 | D:3      | Reached XP level 5. HP: 14/31 MP: 0/9
  3075 | D:3      | Noticed Grinder
  3086 | D:3      | Killed Grinder
  3087 | D:3      | Reached XP level 6. HP: 37/37 MP: 3/11
  3177 | D:3      | Found a white marble altar of Elyvilon.
  3677 | D:4      | Reached XP level 7. HP: 41/41 MP: 8/12
  4221 | D:4      | Identified the +2 robe "Kinaeq" {rF+ Int+3}
  4677 | D:5      | Entered Level 5 of the Dungeon
  4745 | D:5      | Learned a level 4 spell: Flame Wave
  4818 | D:5      | Found a staircase to the Ecumenical Temple.
  4824 | D:5      | Reached skill level 5 in Fire Magic
  4917 | Temple   | Entered the Ecumenical Temple
  5403 | D:5      | Reached XP level 8. HP: 36/48 MP: 10/14
  5661 | D:5      | HP: 7/48 [orc/bolt of acid (8)]
  5824 | D:5      | Found an ornate altar of the Wu Jian Council.
  5833 | D:5      | Reached skill level 5 in Conjurations
  6155 | D:6      | Found a transporter.
  6166 | D:6      | Found a transporter.
  6168 | D:6      | Noticed FlatIsJustice's ghost (novice DEEE)
  6172 | D:6      | Found a sand-covered staircase.
  6188 | Ossuary  | Entered an ossuary
  6212 | Ossuary  | Upgraded the game from 0.31-a0-149-g3fdcc5976a to
                  | 0.31-a0-154-g56bf346678
  6237 | Ossuary  | Reached skill level 5 in Fighting
  6480 | Ossuary  | Reached skill level 5 in Spellcasting
  7004 | D:6      | Found a shadowy altar of Dithmenos.
  7013 | D:6      | Reached XP level 9. HP: 51/55 MP: 12/17
  7317 | D:6      | Found a shimmering blue altar of Sif Muna.
  7892 | D:7      | Found an opulent altar of Gozag.
  8514 | D:7      | Identified the +1 scale mail "Ezene" {Harm rF+ rN+ Dex-2}
  8552 | D:7      | Noticed Prince Ribbit
  8564 | D:7      | Killed Prince Ribbit
  8565 | D:7      | Reached XP level 10. HP: 55/63 MP: 12/19
  9074 | D:8      | Found a runed translucent door.
  9101 | D:8      | HP: 7/63 [orc warrior/+0 halberd (14)]
  9112 | D:8      | HP: 5/64 [bullfrog (5)]
  9114 | D:7      | Slain by a bullfrog

Illustrated notes

Levels and vault maps discovered:
D:1:      eino_arrival_cavern_a, layout_basic, reono_crystal_passage,
          item_on_display_a
D:2:      layout_basic
D:3:      layout_loops_ring, nicolae_overflow_ecumenical_swirl,
          mainiacjoe_overflow_alcove_2, uniq_grinder
D:4:      layout_cave_pods, grunt_decor_resistance, st_stairs_6,
          grunt_ministairs_12
D:5:      layout_basic, lemuel_tele_altar, temple_statues,
          chequers_serial_rivers_room_a, minmay_fountain_box,
          grunt_ministairs_14
D:6:      layout_cave_pools, mainiacjoe_overflow_concentric_impassable,
          mainiacjoe_overflow_paths, enter_ossuary_3, gammafunk_ghost_stat_death
D:7:      layout_basic, lemuel_crystal_altar, uniq_prince_ribbit1
D:8:      layout_cave_pools, mainiacjoe_overflow_swirl, enter_bailey_2,
          serial_shops, shop, hellmonk_ghost_happy_afterlife
Temple:   nicolae_temple_bog_church

Skill      XL: |  1  2  3  4  5  6  7  8  9 |
---------------+----------------------------+-----
Fighting       | 1 2 3 4 5 7 |  7.6
Conjurations   | 2 3 4 6 7 |  7.6
Spellcasting   | 3 4 5 6 |  6.7
Fire Magic     | 4 5 6 7 |  7.7
Dodging        | |  1.5
Stealth        | |  2.1

Action                     |  1- 3 |  4- 6 |  7- 9 | 10-12 || total
---------------------------+-------+-------+-------+-------++-------
  Melee: Dagger            |     5 |       |       |       ||     5
         Punch             |     1 |     1 |     1 |       ||     3
         Unarmed           |     1 |       |       |       ||     1
         Short sword       |    31 |    43 |       |       ||    74
         Flail             |       |    10 |    74 |       ||    84
         Great sword       |       |       |    11 |    15 ||    26
   Cast: Foxfire           |    46 |    38 |   114 |     5 ||   203
         Scorch            |    11 |     5 |    37 |     1 ||    54
         Volatile Blastmot |       |     9 |    15 |     1 ||    25
         Flame Wave        |       |       |     8 |       ||     8
  Evoke: Wand              |       |       |     1 |       ||     1
    Use: Scroll            |       |       |    12 |     3 ||    15
   Stab: Sleeping          |       |     1 |       |       ||     1
 Armour: Robe              |    16 |    27 |    95 |    12 ||   150
  Dodge: Dodged            |    39 |    36 |   156 |    19 ||   250
         Repelled          |       |       |     2 |       ||     2
  Block: Other             |       |    15 |    67 |     3 ||    85
         Reflection        |       |     2 |     1 |       ||     3

Table legend: (Time is in decaauts)
 A = Elapsed time spent in this place.
 B = Non-inter-level travel time spent in this place.
 C = Inter-level travel time spent in this place.
 D = Time resting spent in this place.
 E = Time spent auto-exploring this place.
 F = Levels seen in this place.
 G = Mean time per level.
                   A        B        C        D        E       F      G
               +--------+--------+--------+--------+--------+-----+--------+
         Total |   9229 |   8990 |    239 |   1147 |   6052 |  10 |  922.9 |
       Dungeon |   8434 |   8214 |    220 |   1057 |   5767 |   8 | 1054.2 |
        Temple |    193 |    174 |     19 |      0 |    159 |   1 |  193.0 |
       Ossuary |    601 |    601 |      0 |     90 |    126 |   1 |  601.0 |
               +--------+--------+--------+--------+--------+-----+--------+

Top non-repeatable levels by time:
     D:5: 1287 daAuts
     D:3: 1285 daAuts
     D:7: 1252 daAuts
     D:4: 1180 daAuts
     D:1: 1180 daAuts
     D:6: 1143 daAuts
     D:2: 1057 daAuts
 Ossuary: 601 daAuts
  Temple: 193 daAuts
     D:8: 47 daAuts
